 Dungeon Crawl Stone Soup version 0.25.1-2-g60ff931df9 (webtiles) character file.

Game seed: 11932071761320471658

2973 nikku the Thaumaturge (level 9, -3/45 HPs)
             Began as a Deep Elf Ice Elementalist on Nov 25, 2020.
             Was a Believer of Vehumet.
             Slain by Joseph
             ... wielding a +2 quarterstaff of protection
              (14 damage)
             ... on level 9 of the Dungeon.
             The game lasted 00:41:07 (9912 turns).

nikku the Thaumaturge (Deep Elf Ice Elementalist)   Turns: 9912, Time: 00:41:07

Health: -3/45      AC:  9    Str:  8    XL:     9   Next: 53%
Magic:  20/24      EV: 17    Int: 21    God:    Vehumet [**....]
Gold:   382        SH:  0    Dex: 15    Spells: 13/26 levels left

rFire    . . .     SeeInvis .   n - +3 dagger (venom)
rCold    . . .     Gourm    .   (no shield)
rNeg     . . .     Faith    .   a - +1 robe
rPois    .         Spirit   .   o - +0 helmet
rElec    .         Reflect  .   (no cloak)
rCorr    .         Harm     .   (no gloves)
MR       .....                  u - +0 pair of boots
Stlth    ++........             B - amulet of magic regeneration
HPRegen  0.15/turn              e - +4 ring of protection
MPRegen  0.44/turn              (no ring)

@: frozen ramparts
A: no striking features
a: Renounce Religion


You were on level 9 of the Dungeon.
You worshipped Vehumet.
Vehumet was pleased with you.
You were not hungry.

You visited 2 branches of the dungeon, and saw 10 of its levels.

You collected 427 gold pieces.
You spent 45 gold pieces at shops.

Inventory:

Hand Weapons
 n - a +3 dagger of venom (weapon)
Missiles
 s - 27 poisoned darts (quivered)
 x - 2 atropa-tipped darts
Armour
 a - a +1 robe (worn)
 o - a +0 helmet (worn)
 u - a +0 pair of boots (worn)
Jewellery
 e - a +4 ring of protection (left hand)
 B - an amulet of magic regeneration (around neck)
Wands
 d - a wand of enslavement (18)
 k - a wand of paralysis (2)
 w - a wand of random effects (13)
 y - a wand of acid (6)
Scrolls
 l - 2 scrolls of magic mapping
 p - a scroll of blinking {unknown}
 r - 3 scrolls of teleportation
Potions
 b - 2 potions of flight
 f - a potion of haste
 g - 2 potions of curing
 h - 3 potions of heal wounds
 i - 2 potions of might
 j - a potion of brilliance {unknown}
 m - 2 potions of lignification
 q - a potion of berserk rage {unknown}
 t - 2 potions of mutation
 v - a potion of cancellation {unknown}
 z - a potion of magic {unknown}
 C - a potion of stabbing {unknown}
Comestibles
 c - 18 rations


   Skills:
 + Level 8.2 Dodging
 - Level 2.4 Stealth
 + Level 9.1 Spellcasting
 + Level 5.4 Conjurations
 + Level 5.4 Summonings
 - Level 8.0 Ice Magic


You had 13 spell levels left.
You knew the following spells:

 Your Spells              Type           Power        Failure   Level  Hunger
a - Magic Dart            Conj           ####         1%          1    None
b - Freeze                Ice            ####         1%          1    None
c - Frozen Ramparts       Ice            #####.       1%          3    None
d - Summon Ice Beast      Ice/Summ       #####...     4%          4    ##.....
e - Hailstorm             Conj/Ice       #####...     4%          4    ##.....

Your spell library contained the following spells:

 Spells                   Type           Power        Failure   Level  Hunger
 Ozocubu's Armour         Chrm/Ice       ####....     4%          3    None
 Infusion                 Chrm           #...         7%          1    None
 Shroud of Golubria       Chrm/Tloc      #.....       11%         2    None
 Song of Slaying          Chrm           #.......     11%         2    None
 Confusing Touch          Hex            #.......     22%         3    None
 Gell's Gravitas          Tloc           #.........   22%         3    None
 Spectral Weapon          Hex/Chrm       #.......     22%         3    None
 Metabolic Englaciation   Hex/Ice        ####......   36%         5    #####..
 Petrify                  Tmut/Erth      #.......     56%         4    ##.....
 Yara's Violent Unravell  Hex/Tmut       #.........   89%         5    #####..


Dungeon Overview and Level Annotations

Branches:
Dungeon (9/15)             Temple (1/1) D:6
   Lair: D:8-11         Orc: D:9-12

Altars:
Ashenzari
Cheibriados
Dithmenos
Elyvilon
Fedhas
Gozag
Hepliaklqana
Kikubaaqudgha
Makhleb
Nemelex Xobeh
Okawaru
Qazlal
Ru
Sif Muna
Trog
Uskayaw
Vehumet
Wu Jian
Xom
Yredelemnul
Zin
The Shining One

Shops:
D:5 ?   D:7 ?   D:9 (

Annotations:
D:3 exclusion: downstairs
D:9 Joseph


Message History

You freeze Joseph.
Joseph is moderately wounded.
Casting: Freeze (safe; 1% risk of failure)
Confirm with . or Enter, or press ? or * to list all spells.
Aiming: Freeze (safe; 1% risk of failure)
Press: ? - help, Shift-Dir - straight line, f/p - Joseph
Aim: Joseph, wielding a +2 quarterstaff of protection, wearing a +0 ring mail and quivering 12 sling bullets (moderately wounded)
You freeze Joseph!
Joseph is heavily wounded.
The wall freezes Joseph.
Joseph hits you with a +2 quarterstaff of protection!
* * * LOW HITPOINT WARNING * * *
You closely miss Joseph.
Joseph is heavily wounded.
The wall freezes Joseph.
Joseph closely misses you.
You completely miss Joseph.
Joseph is heavily wounded.
The wall freezes Joseph.
Joseph hits you with a +2 quarterstaff of protection!
You die...

.. #.# #@# #<# ..#
#.# .. #∩# #.## #.#
#..## ##8# #(.#
#..# ##+####
###@###.## #......
#.@.....#####......
#......#....'......
#......#.####......
#......+.# #.<....
+......### #######
#......# ########


You could see Joseph.

Vanquished Creatures
  A hippogriff (D:6)
  2 steam dragons (D:8)
  A water moccasin (D:7)
  An ice beast (D:5)
  2 orc warriors (D:6)
  A phantom (D:6)
  An ogre (D:3)
  2 centaurs
  A big kobold (D:7)
  4 bullfrogs
  3 scorpions (D:6)
  A centaur zombie (D:8)
  A centaur skeleton (D:5)
  3 hounds
  A jelly (D:6)
  7 orc priests
  A gnoll shaman (D:5)
  8 orc wizards
  Jessica (D:2)
  4 worker ants
  3 iguanas
  A hound skeleton (D:7)
  15 gnolls
  7 adders
  2 shadow imps
  2 adder zombies
  2 adder skeletons
  2 dart slugs
  3 leopard geckos
  31 orcs
  A ball python (D:2)
  6 bats
  9 giant cockroaches
  4 goblins
  A hobgoblin (D:3)
  4 quokkas
  4 frilled lizards
  2 jackal skeletons
  14 kobolds
  2 leopard gecko skeletons
  A quokka skeleton (D:2)
  A quokka zombie (D:5)
  7 rats
  A butterfly (D:6)
171 creatures vanquished.

Vanquished Creatures (collateral kills)
  A phantom (D:7)
  A necrophage (D:6)
  A centaur skeleton (D:8)
3 creatures vanquished.

Vanquished Creatures (others)
  3 fungi (D:8)
3 creatures vanquished.

Grand Total: 177 creatures vanquished

Notes
Turn   | Place    | Note
-------+----------+-------------------------------------------
     0 | D:1      | nikku the Deep Elf Ice Elementalist began the quest for the
                  | Orb.
     0 | D:1      | Reached XP level 1. HP: 10/10 MP: 6/6
   276 | D:1      | Reached XP level 2. HP: 15/15 MP: 6/8
  1134 | D:2      | Noticed Jessica
  1139 | D:2      | Killed Jessica
  1139 | D:2      | Reached XP level 3. HP: 19/19 MP: 8/10
  1144 | D:2      | Learned a level 3 spell: Frozen Ramparts
  1236 | D:2      | Reached skill level 4 in Spellcasting
  1373 | D:2      | Reached skill level 5 in Ice Magic
  1630 | D:2      | Reached XP level 4. HP: 24/24 MP: 8/12
  1678 | D:2      | Learned a level 4 spell: Hailstorm
  2717 | D:4      | Noticed an ogre
  2718 | D:4      | Reached XP level 5. HP: 28/28 MP: 10/14
  2724 | D:4      | Learned a level 4 spell: Summon Ice Beast
  2817 | D:3      | Killed an ogre
  2817 | D:3      | Reached skill level 5 in Spellcasting
  3089 | D:4      | Reached XP level 6. HP: 31/32 MP: 12/16
  3152 | D:4      | Reached skill level 5 in Dodging
  3637 | D:5      | Entered Level 5 of the Dungeon
  3693 | D:5      | Reached skill level 6 in Spellcasting
  3731 | D:5      | Reached XP level 7. HP: 18/36 MP: 10/18
  3943 | D:5      | Reached skill level 1 in Conjurations
  3946 | D:5      | Reached skill level 1 in Summonings
  4769 | D:5      | Found Qiprir's Magic Scroll Shoppe.
  4777 | D:5      | Bought a scroll of remove curse for 45 gold pieces
  5241 | D:6      | Reached skill level 7 in Spellcasting
  5241 | D:6      | Reached XP level 8. HP: 41/41 MP: 17/20
  5266 | D:6      | Found a staircase to the Ecumenical Temple.
  5273 | Temple   | Entered the Ecumenical Temple
  5520 | Temple   | Became a worshipper of Vehumet
  5875 | D:6      | Noticed a hippogriff
  5894 | D:6      | Killed a hippogriff
  6274 | D:6      | Reached skill level 8 in Spellcasting
  6770 | D:7      | Reached XP level 9. HP: 41/45 MP: 20/23
  6909 | D:7      | Reached * piety under Vehumet
  6909 | D:7      | Offered knowledge of Sandblast by Vehumet.
  7064 | D:7      | Found Vapafeul's Magic Scroll Shop.
  8081 | D:7      | Reached skill level 5 in Conjurations
  8218 | D:7      | Reached skill level 5 in Summonings
  8684 | D:8      | Reached ** piety under Vehumet
  8753 | D:8      | Offered knowledge of Magic Dart by Vehumet.
  8756 | D:8      | Learned a level 1 spell: Magic Dart
  8989 | D:8      | Found a shimmering blue altar of Sif Muna.
  9208 | D:8      | Reached skill level 9 in Spellcasting
  9872 | D:9      | Found Etuedyi's Weapon Shop.
  9893 | D:9      | Noticed Joseph
  9912 | D:9      | Slain by Joseph

Illustrated notes

Levels and vault maps discovered:
D:1:      lightli_arrival_lavapool, layout_basic
D:2:      layout_loops_cross, minmay_pentomino_t4, uniq_jessica
D:3:      layout_loops_ring
D:4:      layout_rooms
D:5:      layout_basic, first_ration, serial_shops, kennysheep_little_box,
          minmay_misc_feat_room, kennysheep_crisscross, skrybe_limestone_x,
          interstate_on_off
D:6:      layout_basic, minmay_temple_entry_butterflies
D:7:      layout_basic, serial_shops, nicolae_shop_behind_doors
D:8:      kennysheep_steamy, layout_basic, led_sif_book
D:9:      layout_roguey, lair_entry_dummy, zombieorc1_lemuel, serial_shops,
          shop_statue, uniq_joseph
Temple:   nicolae_temple_the_god_donut

Skill      XL: |  1  2  3  4  5  6  7  8  9 |
---------------+----------------------------+-----
Dodging        | 3 4 5 6 7 8 |  8.2
Spellcasting   | 4 5 6 7 8 9 |  9.1
Ice Magic      | 5 6 7 8 |  8.0
Conjurations   | 2 4 5 |  5.4
Summonings     | 2 4 5 |  5.4
Stealth        | |  2.4

Action                   |  1- 3 |  4- 6 |  7- 9 || total
-------------------------+-------+-------+-------++-------
Melee: Whip              |     1 |     1 |       ||     2
       Dagger            |       |    16 |   171 ||   187
Throw: Stone             |     3 |       |       ||     3
       Dart              |       |    21 |    94 ||   115
 Cast: Freeze            |    44 |    50 |    55 ||   149
       Frozen Ramparts   |       |    14 |    64 ||    78
       Summon Ice Beast  |       |       |     7 ||     7
       Hailstorm         |       |       |     4 ||     4
       Magic Dart        |       |       |    17 ||    17
Evoke: Wand              |     3 |       |       ||     3
  Use: Scroll            |     1 |     7 |    10 ||    18
       Potion            |       |       |     5 ||     5
 Stab: Sleeping          |       |     1 |     2 ||     3
       Distracted        |       |       |     1 ||     1
  Eat: Chunk             |     2 |     7 |    17 ||    26
       Ration            |       |       |     1 ||     1
Armor: Robe              |    10 |    10 |    66 ||    86
Dodge: Dodged            |    23 |    47 |   154 ||   224
